Map: Emerald City LE

Players

Massa - Winner!

  • Race: Terran Terran
  • League: Platinum
  • Spawn Location: 5:00

qqq - Winner!

  • Race: Zerg Zerg
  • League: Platinum
  • Spawn Location: 5:00

Morgan

  • Race: Protoss Protoss
  • Spawn Location: 11:00

kadesh

  • Race: Protoss Protoss
  • League: Diamond
  • Spawn Location: 11:00

VOD

Have the link to the VOD?

Description

Time

  • Played on: Jan. 17, 2021, 7:19 a.m.
  • Length: 5:15
Show
View Real Time Build Order
Export as new Build Order

Massa Terran - Winner!

Build Orders:  

Get SALT Encoding   

  12  0:00  SCV  
  13  0:12  SCV  
  14  0:21  Supply Depot  
  14  0:24  SCV  
  15  0:43  SCV, Barracks  
  16  0:53  Refinery  
  16  0:55  SCV  
  17  1:07  SCV  
  18  1:29  Orbital Command  
  18  1:36  Barracks Reactor  
  18  1:44  Supply Depot  
  18  1:57  SCV  
  19  2:11  Command Center  
  19  2:14  Marine x2  
  21  2:21  Factory  
  21  2:30  SCV  
  21  2:31  Marine  
  21  2:32  Marine  
  24  2:39  Engineering Bay  
  24  2:48  SCV  
  24  2:49  Marine x2  
  27  3:03  SCV, Supply Depot  
  28  3:11  Starport  
  28  3:19  Barracks Tech Lab  
  28  3:20  Hellion  
  28  3:23  Hellion  
  32  3:31  Missile Turret  
  32  3:38  Orbital Command  
  32  3:40  SCV  
  33  3:43  Missile Turret  
  33  3:52  Hellion  
  33  3:53  Hellion  
  37  4:03  Barracks Tech Lab  
Show
View Real Time Build Order
Export as new Build Order

qqq Zerg - Winner!

Build Orders: Hatch First 

Get SALT Encoding   

  12  0:00  Drone  
  13  0:12  Drone  
  14  0:18  Overlord  
  14  0:45  Hatchery  
  13  1:01  Drone x3  
  16  1:33  Extractor, Spawning Pool  
  16  1:34  Drone  
  16  1:37  Drone  
  16  1:48  Drone x2  
  18  2:06  Drone x2  
  20  2:20  Drone, Overlord  
  21  2:23  Queen  
  21  2:24  Queen  
  21  2:28  Drone  
  26  2:31  Drone  
  26  2:36  Zergling x2  
  28  2:45  Spore Crawler  
  28  2:47  Drone  
  28  2:48  Drone  
  28  2:49  Drone  
  30  2:52  Zergling x2  
  30  2:57  Metabolic Boost  
  31  3:01  Zergling x2  
  32  3:07  Zergling x2  
  32  3:10  Zergling x2  
  34  3:14  Zergling x4  
  36  3:31  Baneling Nest  
  36  3:33  Zergling x4  
  36  3:34  Overlord  
  36  3:36  Overlord x2  
  36  3:53  Zergling x6  
  36  3:54  Zergling x4  
  41  3:58  Zergling x2  
  41  3:59  Zergling x2  
  43  4:09  Zergling x6  
  46  4:10  Zergling x6  
  49  4:22  Zergling x4  
  50  4:27  Zergling x4  
  51  4:34  Zergling x2  
  51  4:35  Zergling x2  
Show
View Real Time Build Order
Export as new Build Order

Morgan Protoss 

Build Orders:  

Get SALT Encoding   

  12  0:10  Pylon  
  12  0:16  Probe (Chrono Boost)  
  13  0:27  Probe (Chrono Boost)  
  14  0:34  Forge  
  14  0:43  Probe  
  15  0:52  Pylon  
  15  0:57  Probe  
  16  1:09  Probe  
  16  1:19  Pylon  
  16  1:22  Probe  
  17  1:33  Gateway  
  17  1:34  Probe  
  18  1:43  Assimilator  
  18  1:44  Photon Cannon  
  18  1:46  Probe  
  19  1:50  Gateway  
  19  1:58  Probe  
  19  1:59  Assimilator  
  20  2:09  Photon Cannon  
  20  2:25  Cybernetics Core  
  20  2:29  Probe  
  21  2:33  Photon Cannon  
  21  2:41  Probe  
  22  3:05  Nexus  
  22  3:13  Probe  
  23  3:25  Probe, Warp Gate  
  24  3:30  Pylon  
  24  3:37  Pylon  
  24  3:45  Stargate  
  24  3:52  Stargate  
  24  3:54  Probe (Chrono Boost)  
  25  4:02  Assimilator  
  25  4:05  Probe (Chrono Boost)  
  26  4:10  Probe (Chrono Boost)  
  27  4:18  Zealot  
  27  4:20  Probe  
  28  4:25  Shield Battery  
  28  4:28  Pylon  
  26  4:44  Photon Cannon  
  26  4:48  Photon Cannon  
  25  4:53  Probe  
Show
View Real Time Build Order
Export as new Build Order

kadesh Protoss 

Build Orders: 1 Gate Expand 

Get SALT Encoding   

  12  0:02  Probe  
  13  0:14  Probe  
  13  0:19  Pylon  
  14  0:26  Probe  
  15  0:38  Probe  
  16  0:53  Gateway  
  16  0:55  Probe  
  16  0:56  Assimilator  
  17  1:07  Probe  
  18  1:19  Probe  
  19  1:33  Nexus  
  19  1:44  Cybernetics Core  
  19  1:47  Probe  
  19  1:50  Assimilator  
  20  1:59  Probe  
  21  2:11  Probe  
  21  2:12  Pylon  
  22  2:22  Shield Battery  
  22  2:27  Warp Gate  
  22  2:30  Adept  
  22  2:31  Probe  
  25  2:43  Probe  
  26  2:46  Forge  
  26  2:48  Robotics Facility  
  25  2:58  Probe x2 (Chrono Boost)  
  27  3:04  Pylon  
  27  3:08  Probe x2 (Chrono Boost)  
  29  3:14  Shield Battery  
  29  3:15  Probe x2 (Chrono Boost)  
  31  3:21  Sentry  
  35  3:27  Probe (Chrono Boost), Assimilator  
  35  3:31  Probe (Chrono Boost)  
  35  3:33  Probe (Chrono Boost)  
  36  3:37  Observer  
  36  3:38  Probe  
  38  3:42  Robotics Bay  
  38  3:59  Photon Cannon  
  38  4:02  Probe (Chrono Boost)  
  40  4:03  Probe (Chrono Boost)  
  40  4:09  Observer  
  41  4:12  Probe x2 (Chrono Boost)  
  41  4:16  Pylon  
  43  4:17  Probe x2 (Chrono Boost)  
  30  4:47  Probe x2  
  32  4:58  Gateway  
  32  4:59  Probe x2, Gateway  
Tags
 
Add a new tag
Caveats
  • Supply blocks, unpowered buildings, or Contaminate may cause inaccurate times.
  • Supply counts are checked every 10 seconds.